 Dungeon Crawl Stone Soup version 0.22.1-1-ga44c0e5 (webtiles) character file.

164 magicm the Shooter (level 5, -2/39 HPs)
             Began as a Human Hunter on Nov 11, 2018.
             Slain by a centaur (3 damage)
             ... on level 4 of the Dungeon.
             The game lasted 00:13:19 (2825 turns).

magicm the Shooter (Human Hunter)                   Turns: 2825, Time: 00:13:20

Health: -2/39      AC: 11    Str: 13    XL:     5   Next: 73%
Magic:  5/5        EV:  6    Int: 12    God:
Gold:   133        SH:  0    Dex: 13    Spells: 4/4 levels left

rFire    . . .     SeeInvis .   b - +1 short sword
rCold    . . .     Gourm    .   (no shield)
rNeg     . . .     Faith    .   k - +2 chain mail
rPois    .         Spirit   .   (no helmet)
rElec    .         Reflect  .   (no cloak)
rCorr    .         Harm     .   (no gloves)
MR       .....                  i - +0 pair of boots
Stlth    ..........             (no amulet)
HPRegen  0.13/turn              (no ring)
MPRegen  0.09/turn              (no ring)

@: no status effects
A: no striking features
a: no special abilities


You were on level 4 of the Dungeon.
You were not hungry.

You visited 1 branch of the dungeon, and saw 4 of its levels.

You collected 133 gold pieces.

Inventory:

Hand Weapons
 a - a +4 shortbow
 b - a +1 short sword (weapon)
 m - a +0 arbalest
Missiles
 d - 24 arrows
Armour
 i - a +0 pair of boots (worn)
 k - a +2 chain mail (worn)
Jewellery
 e - an uncursed ring of protection from fire {unknown}
 g - an uncursed ring of protection from cold {unknown}
Scrolls
 j - 2 scrolls of remove curse
Potions
 h - 2 potions of flight
 l - a potion of curing
 n - a potion of lignification {unknown}
Comestibles
 f - 3 rations


   Skills:
 + Level 2.4 Fighting
 + Level 0.1 Short Blades
 + Level 6.2 Bows
 + Level 0.5 Armour
 + Level 2.1 Dodging
 + Level 1.0 Stealth


You had 4 spell levels left.
You didn't know any spells.
Your spell library was empty.

Dungeon Overview and Level Annotations

Branches:
Dungeon (4/15)
 Temple: D:4-7

Altars:
Fedhas


Message History

The centaur is lightly wounded.
The centaur hits you but does no damage.
The centaur hits you.
* * * LOW HITPOINT WARNING * * *
You hit the centaur.
The centaur is lightly wounded.
The centaur hits you.
* * * LOW HITPOINT WARNING * * *
You hit the centaur.
The centaur is moderately wounded.
The centaur hits you but does no damage.
The centaur hits you.
* * * LOW HITPOINT WARNING * * *
You hit the centaur.
The centaur is heavily wounded.
The centaur barely misses you. x2
You hit the centaur but do no damage.
The centaur is heavily wounded.
The centaur hits you.
You die...

######.# #.#
#...####...
.......#
#.###..........
########
#.......#####.#
######### #.# #.#
#.# #.# ########
#.# #@c....## #.#
#........# ##.#
#..####..#######...
#..#..........##..#
#..#.##..####.##...
#........# #.#....
#.##.###.# #.##...
#........# #.....#
##.#.###.# #####.#


You could see a centaur.

Vanquished Creatures
  A worker ant (D:4)
  5 adders
  An ooze (D:2)
  An adder skeleton (D:4)
  6 worms
  A dart slug (D:2)
  2 leopard geckos
  An orc (D:3)
  7 giant cockroaches
  9 hobgoblins
  2 quokkas
  A ball python (D:3)
  6 bats
  4 frilled lizards
  9 goblins
  3 kobolds
  10 rats
69 creatures vanquished.

Notes
Turn   | Place    | Note
-------+----------+-------------------------------------------
     0 | D:1      | magicm the Human Hunter began the quest for the Orb.
     0 | D:1      | Reached XP level 1. HP: 16/16 MP: 1/1
   220 | D:1      | Reached XP level 2. HP: 22/22 MP: 2/2
   792 | D:2      | Reached XP level 3. HP: 27/27 MP: 3/3
   909 | D:2      | Reached skill level 5 in Bows
   976 | D:2      | Reached XP level 4. HP: 18/33 MP: 4/4
  1578 | D:3      | Reached XP level 5. HP: 37/39 MP: 5/5
  2142 | D:4      | Reached skill level 6 in Bows
  2178 | D:4      | Found a blossoming altar of Fedhas.
  2526 | D:4      | Noticed a centaur
  2541 | D:4      | HP: 1/39 [centaur/arrow (11)]
  2823 | D:4      | HP: 1/39 [centaur (1)]
  2825 | D:4      | Slain by a centaur

Skill      XL: |  1  2  3  4  5 |
---------------+----------------+-----
Bows           | 5 6 |  6.2
Fighting       | |  2.4
Short Blades   | |  0.1
Armour         | |  0.5
Dodging        | |  2.1
Stealth        | |  1.0

Action                   |  1- 3 |  4- 6 || total
-------------------------+-------+-------++-------
Melee: Short sword       |    27 |    16 ||    43
 Fire: Shortbow          |    66 |   120 ||   186
  Use: Scroll            |     5 |    11 ||    16
       Potion            |     1 |     1 ||     2
  Eat: Ration            |       |     2 ||     2
Armor: Leather armour    |     4 |       ||     4
       Ring mail         |     2 |       ||     2
       Chain mail        |    22 |    20 ||    42
Dodge: Dodged            |    15 |    20 ||    35
